 Dungeon Crawl Stone Soup version 0.21-a0-401-g0b6bec4 (webtiles) character file.

6324 firefreeman the Basher (level 10, -2/93 HPs)
             Began as a Minotaur Berserker on Oct 25, 2017.
             Was a High Priest of Trog.
             Slain by a yak (4 damage)
             ... on level 10 of the Dungeon.
             The game lasted 00:29:37 (8994 turns).

firefreeman the Basher (Minotaur Berserker)         Turns: 8994, Time: 00:29:38

Health: -2/93      AC: 11    Str: 26    XL:     10   Next: 64%
Magic:  9/9        EV: 13    Int:  4    God:    Trog [*****.]
Gold:   302        SH:  0    Dex:  9    Spells: 9/9 levels left

rFire    + . .     SeeInvis .   x - +2 mace (crush)
rCold    . . .     Gourm    .   (no shield)
rNeg     . . .     Faith    .   I - +2 scale mail {rF+}
rPois    .         Spirit   .   (helmet restricted)
rElec    .         Reflect  .   (no cloak)
rCorr    .         Harm     .   f - +0 pair of gloves
MR       .....                  (no boots)
Stlth    ..........             a - amulet of regeneration
HPRegen  0.65/turn              (no ring)
MPRegen  0.11/turn              (no ring)

@: no status effects
A: retaliatory headbutt, horns 2
a: Berserk, Trog's Hand, Brothers in Arms, Burn Spellbooks, Renounce Religion


You were on level 10 of the Dungeon.
You worshipped Trog.
Trog was extremely pleased with you.
You were near starving.

You visited 1 branch of the dungeon, and saw 10 of its levels.

You collected 406 gold pieces.
You spent 104 gold pieces at shops.

Inventory:

Hand Weapons
 d - a cursed -3 shortbow
 x - a +2 mace of crushing (weapon)
 K - a +1 flail of protection
 L - a +2 mace of protection
 N - a +0 dire flail
Missiles
 j - 87 arrows
Armour
 e - a +0 leather armour
 f - a +0 pair of gloves (worn)
 m - a +0 chain mail
 s - a +0 scale mail
 E - a +0 plate armour
 I - a +2 scale mail of fire resistance (worn)
Jewellery
 a - an amulet of regeneration (around neck)
 q - an uncursed amulet of the gourmand {unknown}
 t - an uncursed ring of fire
 v - an uncursed ring of fire
 w - a +3 amulet of reflection {unknown}
 A - an uncursed ring of stealth {unknown}
Wands
 b - a wand of random effects (15/48)
 u - a wand of random effects (10/48)
 J - a wand of paralysis (14/24)
Scrolls
 g - 3 scrolls of noise {unknown}
 h - 6 scrolls of remove curse
 i - 4 scrolls of identify
 k - 3 scrolls of teleportation
 n - 2 scrolls of magic mapping {unknown}
 o - 2 scrolls of recharging {unknown}
 r - 2 scrolls of amnesia
 y - a scroll of enchant armour {unknown}
 z - 2 scrolls of immolation {unknown}
 G - a scroll of silence {unknown}
Potions
 l - a potion of degeneration {unknown}
 p - 4 potions of curing
 D - 2 potions of mutation {unknown}
 F - a potion of agility {unknown}
 H - a potion of haste {unknown}
Comestibles
 c - 5 bread rations
 B - 14 royal jellies
 C - 5 fruits
 M - 8 meat rations


   Skills:
 + Level 10.0 Fighting
 + Level 12.9 Maces & Flails
 + Level 8.1 Armour
 + Level 7.1 Dodging
 - Level 0.4 Stealth
 + Level 2.3 Unarmed Combat


You had 9 spell levels left.
You didn't know any spells.

Dungeon Overview and Level Annotations

Branches:
Dungeon (10/15)            Temple (0/1) D:4             Orc (0/2) D:9
   Lair: D:8-11

Altars:
Cheibriados
Hepliaklqana
Nemelex Xobeh
Okawaru
Qazlal
Yredelemnul
Zin

Shops:
D:4 !   D:7 (

Annotations:
D:7 Maurice
D:10 2 runed doors, Sonja


Innate Abilities, Weirdness & Mutations

You reflexively headbutt those who attack you in melee.
You have a pair of horns on your head.


Message History

The yak is severely wounded.
The yak gores you!
* * * LOW HITPOINT WARNING * * *
The yak gores you!
* * * LOW HITPOINT WARNING * * *
The yak gores you but does no damage. The yak gores you!
* * * LOW HITPOINT WARNING * * *
The yak gores you but does no damage.
Found 18 gold pieces.
You thump the yak!
The yak is almost dead.
The yak closely misses you.
You completely miss the yak.
The yak is almost dead.
The yak gores you but does no damage. The yak gores you!
* * * LOW HITPOINT WARNING * * *
The yak gores you.
You die...

§#..⌠D#............#
§#...D#.##.........#
#######.##((..(...<#
........##........(##########
#...######..(.)....(((.......
............†C......(........
########...#####C..........##
###### #...#####YY.#####...#
................@............
........................ ....
#####.....$...$......... .C.
...######.######... ... #.
... .. .. ###


You could see a cyclops and 2 yaks.

Vanquished Creatures
  A two-headed ogre (D:7)
  Pikel (D:7)
  The ghost of CasualChangeling the Slasher, an amateur DrBe of Trog (D:5)
  A hornet (D:9)
  7 yaks
  The ghost of tof the Slasher, an amateur MiMo (D:4)
  A hungry ghost (D:7)
  2 soldier ants (D:9)
  An ice beast (D:7)
  4 slaves (D:7)
  An orc warrior (D:10)
  2 sky beasts
  5 ogres
  6 centaurs
  6 bullfrogs
  A scorpion (D:7)
  4 killer bees (D:7)
  6 wights
  3 howler monkeys (D:7)
  3 crimson imps
  A bullfrog zombie (D:5)
  A centaur zombie (D:10)
  A quasit (D:6)
  4 hounds
  3 jellies
  6 orc wizards
  A bullfrog skeleton (D:2)
  A centaur skeleton (D:6)
  3 orc priests
  4 worker ants
  2 hound skeletons (D:5)
  A worker ant zombie (D:5)
  11 adders
  A shadow imp (D:8)
  An ooze (D:3)
  3 adder skeletons
  A worm (D:9)
  2 dart slugs (D:2)
  3 leopard geckos
  31 orcs
  4 bats
  4 giant cockroaches
  7 goblins
  4 hobgoblins
  9 jackals
  7 kobolds
  2 quokkas
  5 frilled lizards
  A goblin zombie (D:7)
  A leopard gecko skeleton (D:8)
  14 rats
  A rat zombie (D:7)
  A spectral orc (D:4)
198 creatures vanquished.

Notes
Turn   | Place    | Note
-------+----------+-------------------------------------------
     0 | D:1      | firefreeman the Minotaur Berserker began the quest for the Orb.
     0 | D:1      | Reached XP level 1. HP: 19/19 MP: 0/0
   137 | D:1      | Reached skill level 4 in Maces & Flails
   137 | D:1      | Reached XP level 2. HP: 27/27 MP: 1/1
   539 | D:1      | Reached ** piety under Trog
   670 | D:2      | Reached XP level 3. HP: 33/33 MP: 2/2
  1030 | D:2      | Reached XP level 4. HP: 34/41 MP: 3/3
  1162 | D:2      | Reached skill level 5 in Maces & Flails
  2045 | D:3      | Reached XP level 5. HP: 47/47 MP: 4/4
  2084 | D:3      | Reached *** piety under Trog
  2858 | D:4      | Reached skill level 6 in Maces & Flails
  2881 | D:4      | Found a staircase to the Ecumenical Temple.
  2888 | D:4      | Noticed tof's ghost (amateur MiMo)
  2928 | D:4      | Killed tof's ghost
  2928 | D:4      | Reached skill level 5 in Fighting
  2928 | D:4      | Reached XP level 6. HP: 11/56 MP: 5/5
  3195 | D:4      | Found a basalt altar of Yredelemnul.
  3300 | D:4      | Found Jyery's Distillery.
  3318 | D:4      | Bought a potion of heal wounds for 65 gold pieces
  3318 | D:4      | Bought a potion of curing for 39 gold pieces
  3387 | D:5      | Entered Level 5 of the Dungeon
  3763 | D:5      | Reached skill level 7 in Maces & Flails
  3964 | D:5      | Reached XP level 7. HP: 45/61 MP: 6/6
  3966 | D:5      | Noticed CasualChangeling's ghost (amateur DrBe)
  3982 | D:5      | Killed CasualChangeling's ghost
  3982 | D:5      | Reached skill level 8 in Maces & Flails
  4135 | D:5      | Reached skill level 5 in Armour
  4135 | D:5      | Reached XP level 8. HP: 70/70 MP: 7/7
  4179 | D:5      | Reached skill level 9 in Maces & Flails
  4257 | D:5      | Reached skill level 10 in Maces & Flails
  4442 | D:5      | Found a glowing silver altar of Zin.
  4451 | D:5      | Found a sparkling altar of Nemelex Xobeh.
  4454 | D:5      | Found a hazy altar of Hepliaklqana.
  4679 | D:5      | Found a stormy altar of Qazlal.
  4922 | D:6      | Reached **** piety under Trog
  4926 | D:6      | Reached XP level 9. HP: 78/79 MP: 8/8
  5342 | D:6      | You fall through a shaft!
  5350 | D:7      | Reached skill level 5 in Dodging
  5378 | D:7      | HP: 4/81 [ice beast (13)]
  5381 | D:7      | Reached skill level 11 in Maces & Flails
  5421 | D:7      | HP: 1/81 [centaur/arrow (10)]
  5582 | D:7      | Found Rocudel's Antique Weapon Shop.
  5928 | D:7      | Found a sand-covered staircase.
  6267 | D:8      | Noticed Maurice
  6271 | D:8      | Noticed a two-headed ogre
  6513 | D:7      | Killed a two-headed ogre
  6513 | D:7      | Reached skill level 12 in Maces & Flails
  6513 | D:7      | Reached skill level 1 in Unarmed Combat
  6513 | D:7      | Reached XP level 10. HP: 27/91 MP: 9/9
  6516 | D:8      | Noticed Pikel
  6831 | D:7      | Killed Pikel
  6883 | D:8      | Found an iron altar of Okawaru.
  6935 | D:8      | Found a snail-covered altar of Cheibriados.
  7284 | D:8      | Reached ***** piety under Trog
  7331 | D:9      | Found a staircase to the Orcish Mines.
  7635 | D:9      | Paralysed by a hornet for 3 turns
  8472 | D:10     | Entered Level 10 of the Dungeon
  8488 | D:10     | Received a gift from Trog
  8489 | D:10     | Noticed a cyclops
  8493 | D:10     | HP: 3/93 [cyclops/large rock (15)]
  8827 | D:10     | Noticed Sonja
  8947 | D:10     | Found a runed door.
  8947 | D:10     | Noticed a fire dragon
  8948 | D:10     | Noticed a fire dragon
  8949 | D:10     | Noticed an ice dragon
  8950 | D:10     | Noticed an ice dragon
  8951 | D:10     | Found the +2 shield of Resistance {rF+ rC+ MR+}
  8951 | D:10     | Found a runed door.
  8974 | D:10     | Reached skill level 10 in Fighting
  8994 | D:10     | HP: 2/93 [yak (9)]
  8994 | D:10     | Slain by a yak

Vault maps used:
D:1:      dpeg_arrival_ratfight, serial_forest, infiniplex_forest_straight_2,
          infiniplex_forest_lined_1, infiniplex_forest_lined_room_2,
          infiniplex_forest_straight_5, infiniplex_forest_straight_2,
          infiniplex_forest_join, infiniplex_forest_clump_diagonal
D:2:      minivault_4
D:3:      first_bread
D:4:      yredelemnul_forgotten_temple_becter, minmay_temple_entry_from_below_a,
          serial_shops, shop
D:5:      grunt_temple_overflow_diamond, kennysheep_decorative_pillar,
          nicolae_qazlal_eye_of_the_storm
D:6:      minmay_holes
D:7:      serial_shops, nicolae_shop_stone, enter_ossuary_4
D:8:      grunt_temple_overflow_open, uniq_maurice, uniq_pikel
D:9:      orc_0_dummy, serial_co_window_serial, co_window_of_opportunity_a,
          co_window_paths_b, co_window_corner_a, co_window_paths_b,
          co_window_of_opportunity_a, co_window_broadway_b, co_window_2corner,
          co_window_cross_3, co_window_2corner, co_window_corner_ca,
          co_window_of_opportunity_c, glass_columns_a,
          hangedman_pestilent_swarm, evilmike_butchery
D:10:     minmay_guarded_unrand_resistance, uniq_sonja

Skill      XL: |  1  2  3  4  5  6  7  8  9 10 |
---------------+-------------------------------+-----
Maces & Flails | 4 5 6 7 8 10 12 | 12.9
Fighting       | 4 5 6 7 9 10 | 10.0
Armour         | 3 4 5 6 8 |  8.1
Dodging        | 3 4 6 7 |  7.1
Unarmed Combat | 1 2 |  2.3
Stealth        | |  0.4

Action                   |  1- 3 |  4- 6 |  7- 9 | 10-12 || total
-------------------------+-------+-------+-------+-------++-------
Melee: Mace              |    60 |   113 |   199 |   172 ||   544
       Headbutt          |    11 |    29 |    44 |    36 ||   120
       Unarmed           |       |       |    18 |       ||    18
       Punch             |       |       |       |     3 ||     3
  Use: Potion            |       |     2 |     2 |     1 ||     5
       Scroll            |       |     7 |     2 |     1 ||    10
  Eat: Chunk             |       |     6 |     1 |     3 ||    10
       Meat ration       |       |     1 |     1 |     1 ||     3
Armor: Leather armour    |    17 |    24 |    29 |       ||    70
       Scale mail        |       |       |    19 |    76 ||    95
       Skin              |       |       |       |     1 ||     1
Dodge: Dodged            |    40 |    89 |   149 |   128 ||   406

Table legend:
 A = Spawn XP
 B = Non-spawn XP
 C = Spawn XP percentage of total XP
 D = Spawn monster count
 E = Non-spawn monster count
 F = Spawn count percentage of total count
 G = Total turns spent on level
                    A         B        C        D         E        F      G
               +---------+---------+-------+---------+---------+-------+---------
         Total |       0 |    9035 |   0.0 |       0 |     194 |   0.0 |  8994
               +---------+---------+-------+---------+---------+-------+---------
           D:1 |       0 |      38 |   0.0 |       0 |      24 |   0.0 |   646
           D:2 |       0 |     130 |   0.0 |       0 |      24 |   0.0 |  1198
           D:3 |       0 |      78 |   0.0 |       0 |      23 |   0.0 |   807
           D:4 |       0 |     287 |   0.0 |       0 |       5 |   0.0 |  1002
           D:5 |       0 |    2247 |   0.0 |       0 |      25 |   0.0 |  1266
           D:6 |       0 |     356 |   0.0 |       0 |      10 |   0.0 |   423
           D:7 |       0 |    3386 |   0.0 |       0 |      37 |   0.0 |  1455
           D:8 |       0 |     661 |   0.0 |       0 |      21 |   0.0 |   725
           D:9 |       0 |     958 |   0.0 |       0 |      15 |   0.0 |  1176
          D:10 |       0 |     894 |   0.0 |       0 |      10 |   0.0 |   296
               +---------+---------+-------+---------+---------+-------+---------
